Map: Taito Citadel LE

Players

FALLENGO

  • Race: Terran Terran
  • League: Silver
  • Spawn Location: 5:00

Mythshaker

  • Race: Protoss Protoss
  • Spawn Location: 11:00

VOD

Have the link to the VOD?

Description

Time

  • Played on: Nov. 24, 2025, 12:37 a.m.
  • Length: 14:25
Show
View Real Time Build Order
Export as new Build Order

FALLENGO Terran 

Build Orders:  

Get SALT Encoding   

  12  0:01  SCV  
  13  0:18  Supply Depot, SCV  
  14  0:30  SCV  
  14  0:31  Refinery  
  15  0:44  Barracks  
  15  0:46  SCV  
  16  0:53  Refinery  
  16  0:58  SCV  
  17  1:10  SCV  
  18  1:32  Supply Depot  
  18  1:47  Marine  
  19  2:01  Factory  
  19  2:04  Orbital Command  
  19  2:05  Marine  
  20  2:31  Refinery  
  20  2:32  Command Center, SCV  
  21  2:37  Marine  
  22  2:44  SCV  
  23  2:54  Factory Tech Lab  
  23  2:55  Marine  
  23  2:56  SCV  
  25  3:04  Starport  
  25  3:08  SCV  
  26  3:19  Marine  
  27  3:21  Siege Tank  
  30  3:32  SCV  
  31  3:43  Marine  
  31  3:44  SCV  
  33  3:48  Supply Depot  
  33  3:50  Starport Reactor  
  33  3:55  Barracks  
  33  4:11  Supply Depot  
  33  4:17  Orbital Command  
  33  4:20  SCV  
  34  4:32  SCV  
  34  4:34  Supply Depot  
  35  4:38  Barracks Tech Lab  
  35  4:41  Siege Tank  
  35  4:44  Medivac, SCV  
  35  4:45  Medivac  
  43  4:48  Barracks Reactor  
  43  4:52  Barracks  
  43  4:56  SCV  
  44  5:07  Engineering Bay  
  44  5:08  SCV  
  45  5:15  SCV  
  45  5:17  Engineering Bay  
  45  5:20  SCV  
  47  5:27  SCV  
  48  5:28  Supply Depot  
  48  5:45  Barracks Tech Lab  
  48  5:48  Stimpack  
  48  5:51  Supply Depot  
  48  5:54  Marine x3  
  51  6:01  Siege Tank  
  51  6:02  Medivac  
  56  6:11  Marine  
  56  6:12  Marine x2, Refinery  
  56  6:15  Refinery, SCV x2  
  61  6:27  Combat Shield, SCV x2  
  61  6:29  Marine  
  61  6:30  Marine x2, Barracks  
  66  6:33  Terran Infantry Weapons Level 1  
  66  6:39  SCV x2  
  68  6:47  Marine x3  
  68  6:49  Terran Infantry Armor Level 1  
  68  6:51  SCV x2  
  73  7:03  SCV x2  
  73  7:05  Marine  
  76  7:11  Marauder  
  76  7:12  Marine x2  
  80  7:15  SCV  
  80  7:16  SCV  
  82  7:24  Marauder  
  82  7:27  SCV  
  82  7:28  Concussive Shells, SCV  
  86  7:33  Armory  
  86  7:45  Supply Depot  
  86  7:49  Supply Depot  
  86  7:56  Barracks Reactor  
  86  8:07  Marine x2, Marauder x2  
  86  8:08  Supply Depot  
  90  8:13  Supply Depot  
  87  8:21  Supply Depot  
  87  8:40  Terran Infantry Weapons Level 2  
  87  8:43  Command Center  
  87  8:44  Supply Depot  
  87  8:54  Medivac x2  
  91  9:01  SCV x2  
  93  9:07  Supply Depot  
  93  9:13  SCV x2  
  95  9:18  Marine x4  
  95  9:19  Marine x2  
  101  9:24  Medivac x2  
  101  9:25  Terran Infantry Armor Level 2, SCV x2  
  107  9:36  Marine x4  
  107  9:37  Marauder x2, SCV x2  
  117  9:49  SCV x2  
  119  9:54  Marine x4  
  119  9:58  Marauder  
  119  9:59  Marauder  
  124  10:11  Marine  
  124  10:12  Marine x2  
  126  10:20  Marauder x2  
  130  10:41  Marauder  
  132  10:43  Orbital Command  
  132  10:54  Refinery  
  132  10:56  Refinery  
  121  12:00  Marine x2  
  121  12:01  Marine x4  
  125  12:06  Viking x2  
  131  12:18  Marine x3  
  131  12:19  Marine, Marauder x2  
  139  12:36  Viking x2, Marine x4  
  144  12:41  Marauder x2  
  148  12:54  Marine x4  
  148  12:55  Thor  
  158  13:02  Marauder x2  
  162  13:06  Viking x2  
  166  13:23  Marauder x2  
  170  13:38  Thor  
  170  13:40  Command Center  
  176  13:42  Refinery x2  
Show
View Real Time Build Order
Export as new Build Order

Mythshaker Protoss 

Build Orders:  

Get SALT Encoding   

  12  0:04  Probe  
  13  0:16  Pylon, Probe  
  14  0:24  Probe  
  15  0:39  Forge  
  15  0:46  Probe  
  16  0:58  Probe  
  16  1:03  Gateway  
  17  1:10  Probe  
  18  1:22  Pylon  
  18  1:30  Pylon  
  17  1:58  Probe  
  18  2:10  Nexus  
  18  2:24  Photon Cannon  
  18  2:26  Pylon  
  18  2:29  Probe  
  19  2:41  Probe  
  19  2:43  Nexus  
  20  2:53  Probe  
  20  2:55  Pylon  
  21  3:06  Probe  
  22  3:18  Probe  
  23  3:23  Probe  
  24  3:29  Cybernetics Core  
  24  3:31  Probe  
  24  3:33  Pylon  
  24  3:41  Pylon, Probe  
  25  3:42  Gateway  
  26  3:50  Pylon  
  26  3:53  Probe  
  27  3:57  Pylon  
  27  4:00  Photon Cannon  
  27  4:05  Probe  
  27  4:21  Shield Battery, Probe  
  28  4:33  Probe  
  29  4:38  Assimilator  
  29  4:39  Assimilator  
  29  4:45  Probe  
  30  5:08  Assimilator  
  30  5:11  Assimilator  
  30  5:22  Probe  
  31  5:29  Stalker  
  31  5:30  Stalker, Probe  
  31  5:35  Probe  
  36  5:37  Photon Cannon  
  36  5:39  Probe  
  36  5:41  Warp Gate  
  38  5:43  Protoss Shields Level 1, Probe  
  38  5:47  Assimilator  
  39  5:52  Probe  
  39  5:53  Probe  
  39  5:56  Stalker  
  41  5:58  Stalker  
  41  6:04  Probe  
  46  6:05  Probe  
  46  6:09  Probe  
  48  6:16  Probe  
  49  6:21  Probe  
  49  6:24  Probe  
  50  6:26  Sentry  
  53  6:33  Probe x2  
  53  6:38  Probe  
  56  6:42  Stalker  
  56  6:43  Probe  
  56  6:45  Probe  
  60  6:49  Sentry  
  60  6:51  Probe  
  63  6:55  Probe  
  63  6:56  Robotics Facility  
  63  6:57  Probe  
  63  6:59  Robotics Facility  
  65  7:02  Pylon  
  65  7:03  Probe  
  65  7:07  Pylon  
  66  7:09  Stalker x2  
  66  7:15  Probe  
  71  7:24  Twilight Council  
  71  7:27  Probe  
  72  7:30  Robotics Facility  
  72  7:36  Stargate, Stalker x2  
  72  7:41  Protoss Ground Armor Level 1  
  72  7:43  Photon Cannon  
  76  7:52  Photon Cannon  
  50  8:40  Stalker  
  47  8:44  Stalker  
  49  8:52  Immortal  
  49  8:53  Immortal x2  
  49  8:54  Robotics Bay  
  60  9:03  Pylon  
  60  9:07  Pylon  
  60  9:12  Shield Battery  
  60  9:15  Shield Battery  
  60  9:20  Pylon  
  60  9:26  Photon Cannon  
  60  9:29  Photon Cannon  
  60  9:31  Immortal  
  60  9:32  Stalker, Shield Battery  
  60  9:33  Stalker  
  68  9:44  Photon Cannon  
  68  9:51  Photon Cannon  
  68  9:56  Photon Cannon  
  60  10:04  Stalker x2  
  52  10:13  Immortal x3  
  58  10:28  Photon Cannon  
  58  10:32  Shield Battery  
  58  10:34  Shield Battery  
  58  10:39  Photon Cannon  
  62  10:48  Void Ray  
  62  10:49  Protoss Ground Weapons Level 1  
  62  10:52  Colossus x3  
  80  10:57  Extended Thermal Lance  
  61  11:31  Void Ray  
  42  12:12  Pylon  
  42  12:14  Pylon  
  42  12:30  Colossus x2  
  42  12:32  Colossus  
  48  13:23  Colossus  
Tags
 
Add a new tag
Caveats
  • Supply blocks, unpowered buildings, or Contaminate may cause inaccurate times.
  • Supply counts are checked every 10 seconds.